 Dungeon Crawl Stone Soup version 0.21-a0-404-g291f19a (webtiles) character file.

261 HAL9000 the Cutter (level 6, -2/30 HPs)
             Began as a Vine Stalker Assassin on Oct 31, 2017.
             Slain by a worker ant (5 damage)
             ... on level 4 of the Dungeon.
             The game lasted 00:08:22 (3041 turns).

HAL9000 the Cutter (Vine Stalker Assassin)          Turns: 3041, Time: 00:08:22

Health: -2/30      AC:  3    Str: 14    XL:     6   Next: 18%
Magic:  0/7        EV: 11    Int: 11    God:
Gold:   156        SH:  0    Dex: 17    Spells: 5/5 levels left

rFire    . . .     SeeInvis .   a - +2 dagger
rCold    + . .     Gourm    +   (no shield)
rNeg     + . .     Faith    .   c - +0 robe
rPois    .         Spirit   +   E - +0 helmet
rElec    .         Reflect  .   r - scarf {cloud immunity}
rCorr    .         Harm     .   (no gloves)
MR       .....                  (no boots)
Stlth    +++.......             t - amulet of the gourmand
HPRegen  0.50/turn              v - ring of positive energy (curse)
MPRegen  0.10/turn              y - ring of protection from cold

@: lethally poisoned (-2 -> -3), hasted, very quick
A: fangs 2, regeneration 1, magic shield, antimagic bite, no potion heal 3, rot
immunity
a: no special abilities


You were on level 4 of the Dungeon.
You were very full.

You visited 1 branch of the dungeon, and saw 4 of its levels.

You collected 156 gold pieces.

Inventory:

Hand Weapons
 a - a +2 dagger (weapon)
 b - a +0 blowgun
Missiles
 e - 25 poisoned needles
 f - 2 curare-tipped needles
 C - 2 exploding tomahawks (quivered)
Armour
 c - a +0 robe (worn)
 d - a +0 cloak
 r - a scarf of cloud immunity (worn)
 E - a +0 helmet (worn)
Jewellery
 t - an amulet of the gourmand (around neck)
 v - a cursed ring of positive energy (left hand)
 x - a +5 ring of intelligence
 y - a ring of protection from cold (right hand)
Scrolls
 m - 2 scrolls of enchant armour {unknown}
 n - 4 scrolls of teleportation {unknown}
 o - a scroll of remove curse {unknown}
 q - a scroll of immolation {unknown}
 u - a scroll of amnesia {unknown}
 w - a scroll of fear {unknown}
 z - a scroll of identify {unknown}
 A - a scroll of enchant weapon {unknown}
 H - a scroll of noise {unknown}
Potions
 h - a potion of haste
 j - a potion of mutation {unknown}
 k - 2 potions of berserk rage {unknown}
 s - 2 potions of agility {unknown}
 B - a potion of degeneration {unknown}
 F - a potion of heal wounds {unknown}
 G - a potion of magic {unknown}
 I - a potion of ambrosia {unknown}
Comestibles
 g - 5 bread rations
 l - 2 royal jellies


   Skills:
 - Level 1.7 Fighting
 + Level 5.7 Short Blades
 - Level 1.7 Throwing
 - Level 0.7 Dodging
 - Level 4.8 Stealth


You had 5 spell levels left.
You didn't know any spells.

Dungeon Overview and Level Annotations

Branches:
Dungeon (4/15)
 Temple: D:4-7

Altars:
The Shining One


Innate Abilities, Weirdness & Mutations

You have extremely sharp teeth.
Your natural rate of healing is unusually fast.
When hurt, damage is shared between your health and your magic reserves.
Your bite disrupts and absorbs the magic of your enemies.
Potions cannot restore your health.
You are immune to rotting.


Message History

* * * LOW HITPOINT WARNING * * *
Unknown command.
You feel sick.
You feel sick.
You feel sick. The worker ant bites you.
You are more poisoned.
The worker ant poisons you!
You feel sick.
You feel sick.
You feel sick.
You feel sick.
You feel sick. The worker ant bites you.
* * * LOW HITPOINT WARNING * * *
Sorry, you're not good enough to have a special ability.
Unknown command.
Okay, then.
Okay, then.
It was a potion of haste.
You feel yourself speed up. The worker ant bites you.
You die...

#....#.........#......###'###
#....'.........#......##.....
#######.........#.......#....#
#...............#.......'....#
#.............<.#.......#.....
#...............#......##.....
#...............#####+###.....
#...............#.......#.....
#............@..#.......#.....
#######......a..#.......#....#
#.........#####'###....#
#.................#....#
#.................#.....
#.................+.....
..................#....#
..................####'#
........................


You could see a worker ant.

Vanquished Creatures
  2 orc priests (D:3)
  An orc wizard (D:3)
  A worker ant (D:4)
  Natasha (twice) (D:3)
  2 adders
  An ooze (D:1)
  A worm (D:3)
  A dart slug (D:1)
  3 leopard geckos
  5 orcs (D:3)
  8 bats
  6 giant cockroaches
  5 goblins
  2 hobgoblins
  3 jackals (D:2)
  A quokka (D:3)
  A ball python (D:3)
  7 frilled lizards
  7 kobolds
  A leopard gecko skeleton (D:4)
  8 rats
68 creatures vanquished.

Notes
Turn   | Place    | Note
-------+----------+-------------------------------------------
     0 | D:1      | HAL9000 the Vine Stalker Assassin began the quest for the Orb.
     0 | D:1      | Reached XP level 1. HP: 11/11 MP: 2/2
    24 | D:1      | Reached skill level 2 in Short Blades
    63 | D:1      | Reached XP level 2. HP: 10/15 MP: 1/3
   214 | D:1      | Reached skill level 3 in Short Blades
   294 | D:1      | Reached XP level 3. HP: 18/18 MP: 4/4
  1462 | D:2      | Gained mutation: Your natural rate of healing is unusually fast. [Vine Stalker growth]
  1462 | D:2      | Reached XP level 4. HP: 23/23 MP: 5/5
  1749 | D:3      | Reached skill level 4 in Short Blades
  1868 | D:3      | Reached XP level 5. HP: 11/26 MP: 4/6
  1992 | D:3      | Reached skill level 5 in Short Blades
  2216 | D:3      | Noticed Natasha
  2234 | D:3      | Killed Natasha
  2423 | D:3      | Noticed Natasha
  2438 | D:3      | Killed Natasha
  2438 | D:3      | Reached XP level 6. HP: 25/30 MP: 7/7
  2967 | D:4      | Found a glowing golden altar of the Shining One.
  3041 | D:4      | Slain by a worker ant

Vault maps used:
D:1:      dpeg_arrival_rooms_a, serial_bayou_pond_b, minmay_tromino_v2
D:3:      first_bread, uniq_natasha
D:4:      kennysheep_little_box, serial_shops, shop

Skill      XL: |  1  2  3  4  5 |
---------------+----------------+-----
Short Blades   | 2 3 4 5 |  5.7
Fighting       | |  1.7
Throwing       | |  1.7
Dodging        | |  0.7
Stealth        | |  4.8

Action                   |  1- 3 |  4- 6 || total
-------------------------+-------+-------++-------
Melee: Dagger            |    95 |   112 ||   207
       Bite              |    15 |    31 ||    46
 Fire: Blowgun           |       |     3 ||     3
  Use: Potion            |       |     1 ||     1
 Stab: Sleeping          |    15 |     6 ||    21
  Eat: Chunk             |     6 |    12 ||    18
Armor: Robe              |    18 |     5 ||    23
Dodge: Dodged            |    37 |    21 ||    58

Table legend:
 A = Spawn XP
 B = Non-spawn XP
 C = Spawn XP percentage of total XP
 D = Spawn monster count
 E = Non-spawn monster count
 F = Spawn count percentage of total count
 G = Total turns spent on level
                    A         B        C        D         E        F      G
               +---------+---------+-------+---------+---------+-------+---------
         Total |       0 |     373 |   0.0 |       0 |      68 |   0.0 |  3041
               +---------+---------+-------+---------+---------+-------+---------
           D:1 |       0 |      53 |   0.0 |       0 |      27 |   0.0 |   810
           D:2 |       0 |      40 |   0.0 |       0 |      17 |   0.0 |   843
           D:3 |       0 |     240 |   0.0 |       0 |      21 |   0.0 |  1251
           D:4 |       0 |      40 |   0.0 |       0 |       3 |   0.0 |   137
               +---------+---------+-------+---------+---------+-------+---------
